 Dungeon Crawl Stone Soup version 0.27-b1-23-g44b8eac545 (webtiles) character file.

Game seed: 11279446183222043876

6368 Crownlay the Frost Mage (level 10, -6/70 (76) HPs)
             Began as a Gnoll Ice Elementalist on July 27, 2021.
             Was a Believer of Uskayaw.
             Mangled by a skeletal warrior (17 damage)
             ... led by a skeletal warrior
             ... on level 9 of the Dungeon.
             The game lasted 00:28:20 (11041 turns).

Crownlay the Frost Mage (Gnoll Ice Elementalist)   Turns: 11041, Time: 00:28:20

HP:   -6/70 (76)    AC: 14    Str:  8    XL:     10   Next: 97%
MP:   26/30         EV: 15    Int: 17    God:    Uskayaw [**....]
Gold: 653           SH:  0    Dex: 13    Spells: 17/24 levels left

rFire    + . .     SeeInvis .   H - +4 dagger (freeze)
rCold    + . .     Faith    .   (no shield)
rNeg     . . .     Spirit   .   a - +0 robe
rPois    .         Reflect  .   m - +0 helmet
rElec    .         Harm     .   D - scarf {rC+ rF+}
rCorr    .         Rampage  .   C - +0 pair of gloves
Will     .....                  E - +0 pair of boots
Stlth    +++.......             p - amulet of the acrobat
HPRegen  0.21/turn              k - ring of wizardry
MPRegen  0.22/turn              q - ring of magical power

@: ice-armoured, freezing walls, drained
A: fangs 1, strong nose, distributed training
a: Renounce Religion, Stomp, Line Pass


You were on level 9 of the Dungeon.
You worshipped Uskayaw.
Uskayaw was noncommittal.
You visited 1 branch of the dungeon, and saw 9 of its levels.

You collected 653 gold pieces.

Inventory:

Hand Weapons
 c - a +0 dagger
 h - a +1 falchion of draining
 l - a +2 dagger of freezing
 y - a +3 dagger of protection
 F - a +5 halberd
 H - a +4 dagger of freezing (weapon)
Missiles
 t - 8 poisoned darts (quivered)
 B - a curare-tipped dart
Armour
 a - a +0 robe (worn)
 m - a +0 helmet (worn)
 r - a +2 cloak
 C - a +0 pair of gloves (worn)
 D - a scarf of resistance (worn)
 E - a +0 pair of boots (worn)
Jewellery
 k - a ring of wizardry (left hand)
 p - an amulet of the acrobat (around neck)
 q - a ring of magical power (right hand)
 G - a ring of protection from fire
Wands
 b - a wand of digging (3)
 s - a wand of paralysis (10)
 w - a wand of flame (19)
 x - a wand of iceblast (11)
Scrolls
 d - a scroll of noise
 e - 5 scrolls of amnesia {unknown}
 f - 4 scrolls of magic mapping
 g - a scroll of vulnerability
 n - a scroll of teleportation {unknown}
Potions
 j - 4 potions of curing
 o - 4 potions of attraction
 u - a potion of haste {unknown}
 v - 2 potions of flight
 z - a potion of resistance
 A - 3 potions of mutation {unknown}
 I - a potion of berserk rage {unknown}


   Skills:
 + Level 5.7 Fighting
 + Level 5.7 Short Blades
 + Level 5.7 Long Blades
 + Level 5.7 Axes
 + Level 5.7 Maces & Flails
 + Level 5.7 Polearms
 + Level 5.7 Staves
 + Level 5.7 Slings
 + Level 5.7 Bows
 + Level 5.7 Crossbows
 + Level 5.7 Throwing
 + Level 5.7 Armour
 + Level 7.4 Dodging
 + Level 7.2 Stealth
 + Level 5.7 Shields
 + Level 5.7 Unarmed Combat
 + Level 7.7 Spellcasting
 + Level 4.7 Conjurations
 + Level 4.7 Hexes
 + Level 4.7 Summonings
 + Level 4.7 Necromancy
 + Level 4.7 Translocations
 + Level 4.7 Transmutations
 + Level 4.7 Fire Magic
 + Level 8.6 Ice Magic
 + Level 4.7 Air Magic
 + Level 4.7 Earth Magic
 + Level 4.7 Poison Magic
 + Level 6.3 Invocations
 + Level 5.7 Evocations


You had 17 spell levels left.
You knew the following spells:

 Your Spells              Type           Power      Damage    Failure   Level
a - Freeze                Ice            100%       1d11      1%          1
b - Frozen Ramparts       Ice            72%        1d9       1%          3
c - Ozocubu's Armour      Ice            36%        N/A       1%          3

Your spell library contained the following spells:

 Spells                   Type           Power      Damage    Failure   Level
 Conjure Flame            Conj/Fire      22%        6-21      1%          3
 Gell's Gravitas          Tloc           11%        N/A       1%          3
 Ignite Poison            Fire/Tmut/Pois 22%        N/A       1%          3
 Lesser Beckoning         Tloc           11%        N/A       1%          3
 Teleport Other           Tloc           22%        N/A       1%          3
 Hailstorm                Conj/Ice       29%        3d8       2%          4
 Animate Dead             Necr           11%        N/A       6%          4
 Sticky Flame             Conj/Fire      22%        2d4       6%          4
 Borgnjor's Vile Clutch   Necr/Erth      11%        N/A       16%         5
 Death Channel            Necr           11%        N/A       65%         6


Dungeon Overview and Level Annotations

Branches:
Dungeon (9/15)             Temple (0/1) D:5
   Lair: D:8-11         Orc: D:9-12

Altars:
Cheibriados
Dithmenos
Elyvilon
Gozag
Qazlal
Trog
Uskayaw
Xom
Yredelemnul
The Shining One


Innate Abilities, Weirdness & Mutations

You have very sharp teeth.
Your uncanny sense of smell can sniff out nearby items.
Your experience applies equally to all skills.


Message History

The wall freezes the centaur warrior simulacrum but does no damage.
The centaur warrior simulacrum hits you but does no damage.
The centaur warrior simulacrum barely misses you.
The skeletal warrior resists.
The wall freezes the skeletal warrior.
You hit the skeletal warrior but do no damage.
The skeletal warrior is lightly damaged.
The skeletal warrior resists.
The wall freezes the skeletal warrior.
The skeletal warrior hits you with a +0 long sword!
The centaur warrior simulacrum completely resists.
The wall freezes the centaur warrior simulacrum but does no damage.
The centaur warrior simulacrum hits you.
The centaur warrior simulacrum freezes you.
You resist.
The centaur warrior simulacrum completely misses you.
You hit the skeletal warrior but do no damage.
You bite the skeletal warrior, but do no damage.
The skeletal warrior is moderately damaged.
The skeletal warrior resists.
The wall freezes the skeletal warrior.
The skeletal warrior resists.
The wall freezes the skeletal warrior.
The skeletal warrior hits you with a +0 long sword.
* * * LOW HITPOINT WARNING * * *
The centaur warrior simulacrum completely resists.
The wall freezes the centaur warrior simulacrum but does no damage.
The centaur warrior simulacrum hits you but does no damage.
The centaur warrior simulacrum kicks you but does no damage.
As you read the scroll labelled WUMEASYUHI, it crumbles to dust.
The creatures around you are filled with an inner flame!
It was a scroll of immolation.
The centaur warrior simulacrum completely resists.
The wall freezes the centaur warrior simulacrum but does no damage.
The centaur warrior simulacrum hits you but does no damage.
The centaur warrior simulacrum misses you.
The skeletal warrior resists.
The wall freezes the skeletal warrior.
Flame seeps out of the skeletal warrior.
The skeletal warrior hits you with a +0 hand axe.
* * * LOW HITPOINT WARNING * * *
The skeletal warrior resists.
The wall freezes the skeletal warrior.
Flame seeps out of the skeletal warrior.
The skeletal warrior hits you with a +0 long sword!
You die...

##+### .# .....#
#.# ...<.# #.#
.....# #.# ..<..###
#.# .....'.#### #.#
.....#....#####.##
.....####........##
.....# #######.@z#
.....# #Z#z.<.#
.....# #.####...'
###+## #.# ### #.#
#.# #.# ...


You could see 2 skeletal warriors and a centaur warrior simulacrum (inner
flame).

Vanquished Creatures
  An ugly thing (D:8)
  A troll (D:9)
  12 yaks
  Eustachio (D:4)
  Menkaure (D:6)
  Duvessa (D:6)
  2 water moccasins
  An orc warrior (D:8)
  A hornet zombie (D:5)
  2 sky beasts
  2 ogres
  4 centaurs
  2 phantoms (D:5)
  A kobold brigand (D:6)
  A gnoll sergeant (D:5)
  A wyvern skeleton (D:7)
  Dowan (D:6)
  14 wights
  3 howler monkeys
  3 bullfrog zombies
  2 centaur zombies
  A crimson imp (D:3)
  A hound (D:6)
  7 orc priests
  4 bullfrog skeletons
  2 centaur skeletons
  An iron imp (D:3)
  3 gnoll shamans
  Ijyb (D:4)
  8 iguanas
  Natasha (twice) (D:2)
  5 orc wizards
  A scorpion zombie (D:5)
  A hound skeleton (D:4)
  Robin (D:2)
  19 gnolls
  A howler monkey skeleton (D:7)
  2 adders (D:6)
  A white imp (D:6)
  3 dart slugs
  25 orcs
  8 endoplasms
  3 giant cockroaches
  16 goblins
  9 hobgoblins
  4 jackals
  3 quokkas
  5 ball pythons
  9 bats
  8 frilled lizards
  2 goblin zombies (D:3)
  6 hobgoblin zombies (D:3)
  7 kobolds
  A kobold zombie (D:3)
  13 rats
240 creatures vanquished.

Vanquished Creatures (others)
  A fungus (D:5)
  5 plants
  6 toadstools (D:8)
  3 withered plants (D:1)
15 creatures vanquished.

Grand Total: 255 creatures vanquished

Notes
Turn   | Place    | Note
-------+----------+-------------------------------------------
     0 | D:1      | Crownlay the Gnoll Ice Elementalist began the quest for the
                  | Orb.
     0 | D:1      | Reached XP level 1. HP: 13/13 MP: 6/6
   187 | D:1      | Reached XP level 2. HP: 12/19 MP: 2/7
   315 | D:1      | Found a faded altar of an unknown god.
  1136 | D:1      | Reached XP level 3. HP: 25/25 MP: 7/9
  1140 | D:1      | Learned a level 3 spell: Frozen Ramparts
  1144 | D:1      | Learned a level 3 spell: Ozocubu's Armour
  1242 | D:2      | Reached skill level 5 in Spellcasting
  1388 | D:2      | Reached skill level 1 in Fighting
  1388 | D:2      | Reached skill level 1 in Short Blades
  1388 | D:2      | Reached skill level 1 in Long Blades
  1388 | D:2      | Reached skill level 1 in Axes
  1388 | D:2      | Reached skill level 1 in Maces & Flails
  1388 | D:2      | Reached skill level 1 in Polearms
  1388 | D:2      | Reached skill level 1 in Staves
  1388 | D:2      | Reached skill level 1 in Slings
  1388 | D:2      | Reached skill level 1 in Bows
  1388 | D:2      | Reached skill level 1 in Crossbows
  1388 | D:2      | Reached skill level 1 in Throwing
  1388 | D:2      | Reached skill level 1 in Armour
  1388 | D:2      | Reached skill level 1 in Shields
  1388 | D:2      | Reached skill level 1 in Unarmed Combat
  1388 | D:2      | Reached skill level 1 in Invocations
  1388 | D:2      | Reached skill level 1 in Evocations
  1388 | D:2      | Reached XP level 4. HP: 29/32 MP: 3/11
  1702 | D:2      | Noticed Natasha
  1709 | D:2      | Killed Natasha
  1710 | D:2      | Reached skill level 1 in Conjurations
  1710 | D:2      | Reached skill level 1 in Hexes
  1710 | D:2      | Reached skill level 1 in Summonings
  1710 | D:2      | Reached skill level 1 in Necromancy
  1710 | D:2      | Reached skill level 1 in Translocations
  1710 | D:2      | Reached skill level 1 in Transmutations
  1710 | D:2      | Reached skill level 1 in Fire Magic
  1710 | D:2      | Reached skill level 1 in Air Magic
  1710 | D:2      | Reached skill level 1 in Earth Magic
  1710 | D:2      | Reached skill level 1 in Poison Magic
  1904 | D:2      | Noticed Robin
  1914 | D:2      | Killed Robin
  1915 | D:2      | Reached XP level 5. HP: 3/37 MP: 2/12
  2531 | D:2      | Noticed Natasha
  2541 | D:2      | Killed Natasha
  2886 | D:3      | Found a glowing golden altar of the Shining One.
  2988 | D:3      | Found a hide-covered altar of Uskayaw.
  3011 | D:3      | Became a worshipper of Uskayaw the Reveller
  3157 | D:3      | Reached * piety under Uskayaw
  3163 | D:3      | Reached XP level 6. HP: 43/44 MP: 13/13
  3509 | D:3      | Found a snail-covered altar of Cheibriados.
  3518 | D:3      | Reached ** piety under Uskayaw
  3825 | D:3      | Reached skill level 5 in Dodging
  4370 | D:4      | Reached *** piety under Uskayaw
  4375 | D:4      | Reached **** piety under Uskayaw
  4454 | D:4      | Reached XP level 7. HP: 33/50 MP: 15/15
  4688 | D:4      | Noticed Eustachio
  4692 | D:4      | Noticed Ijyb
  4698 | D:4      | Killed Eustachio
  4699 | D:4      | Reached skill level 5 in Stealth
  4709 | D:4      | Reached ***** piety under Uskayaw
  4710 | D:4      | Killed Ijyb
  4812 | D:4      | Found a basalt altar of Yredelemnul.
  5006 | D:4      | Reached XP level 8. HP: 49/57 MP: 16/16
  5240 | D:5      | Entered Level 5 of the Dungeon
  5450 | D:5      | Found a white marble altar of Elyvilon.
  5757 | D:5      | Found a staircase to the Ecumenical Temple.
  6250 | D:5      | Reached XP level 9. HP: 64/65 MP: 18/18
  6347 | D:5      | Found a shimmering altar of Xom.
  7158 | D:6      | HP: 3/60 [wight (7)]
  7514 | D:6      | Reached skill level 8 in Ice Magic
  7524 | D:6      | Reached skill level 5 in Invocations
  7649 | D:6      | Found a shadowy altar of Dithmenos.
  7734 | D:6      | Reached XP level 10. HP: 73/73 MP: 20/20
  7776 | D:6      | Reached skill level 5 in Fighting
  7776 | D:6      | Reached skill level 5 in Short Blades
  7776 | D:6      | Reached skill level 5 in Long Blades
  7776 | D:6      | Reached skill level 5 in Axes
  7776 | D:6      | Reached skill level 5 in Maces & Flails
  7776 | D:6      | Reached skill level 5 in Polearms
  7776 | D:6      | Reached skill level 5 in Staves
  7776 | D:6      | Reached skill level 5 in Slings
  7776 | D:6      | Reached skill level 5 in Bows
  7776 | D:6      | Reached skill level 5 in Crossbows
  7776 | D:6      | Reached skill level 5 in Throwing
  7776 | D:6      | Reached skill level 5 in Armour
  7776 | D:6      | Reached skill level 5 in Shields
  7776 | D:6      | Reached skill level 5 in Unarmed Combat
  7776 | D:6      | Reached skill level 5 in Evocations
  8230 | D:6      | Noticed Dowan
  8231 | D:6      | Noticed Duvessa
  8240 | D:6      | Noticed Menkaure
  8245 | D:6      | Killed Duvessa
  8253 | D:6      | Killed Menkaure
  8256 | D:6      | Killed Dowan
  8621 | D:7      | Found a bloodstained altar of Trog.
  8870 | D:7      | Found a stormy altar of Qazlal.
  9122 | D:8      | Noticed a red ugly thing
  9144 | D:8      | Killed a red ugly thing
 10888 | D:8      | Found an opulent altar of Gozag.
 11024 | D:9      | Noticed a skeletal warrior
 11031 | D:9      | Noticed a skeletal warrior
 11041 | D:9      | Mangled by a skeletal warrior

Illustrated notes

Levels and vault maps discovered:
D:1:      dpeg_arrival_renting, layout_basic,
          shapermc_ecumenical_altar_flowoftime
D:2:      layout_loops_ring, serial_bayou_pond_c, minmay_crystal_water,
          uniq_natasha, uniq_robin
D:3:      minmay_diamond_boxcup, layout_basic, slow_altar_1,
          eat_drink_and_be_merry_uskayaw, nicolae_tso_besieged_by_evil,
          serial_glass, glass_columns_b, glass_columns_b, glass_columns_a,
          glass_columns_c, minmay_starry_boxes
D:4:      kennysheep_the_goblin_king, layout_loops_ring,
          yredelemnul_altar_generic, kennysheep_dice, uniq_eustachio, uniq_ijyb
D:5:      layout_loops_ring, mainiacjoe_overflow_boulevard, elyvilon_altar_1,
          minmay_temple_entry_trees, minmay_misc_feat_diagonals,
          grunt_ministairs_3, minmay_quadrilaterals
D:6:      layout_basic, overflow_temple_1_default, uniq_menkaure, uniq_duvessa
D:7:      layout_basic, nicolae_overflow_crystal_walls,
          mainiacjoe_overflow_small_starburst
D:8:      layout_loops_cross, lemuel_coloured_pillars_altar,
          minmay_gold_behind_fungi
D:9:      layout_roguey

Skill      XL: |  1  2  3  4  5  6  7  8  9 10 |
---------------+-------------------------------+-----
Spellcasting   | 5 6 7 |  7.7
Fighting       | 1 2 3 4 5 |  5.7
Short Blades   | 1 2 3 4 5 |  5.7
Long Blades    | 1 2 3 4 5 |  5.7
Axes           | 1 2 3 4 5 |  5.7
Maces & Flails | 1 2 3 4 5 |  5.7
Polearms       | 1 2 3 4 5 |  5.7
Staves         | 1 2 3 4 5 |  5.7
Slings         | 1 2 3 4 5 |  5.7
Bows           | 1 2 3 4 5 |  5.7
Crossbows      | 1 2 3 4 5 |  5.7
Throwing       | 1 2 3 4 5 |  5.7
Armour         | 1 2 3 4 5 |  5.7
Shields        | 1 2 3 4 5 |  5.7
Unarmed Combat | 1 2 3 4 5 |  5.7
Invocations    | 1 2 3 4 5 6 |  6.3
Evocations     | 1 2 3 4 5 |  5.7
Conjurations   | 1 2 3 4 |  4.7
Hexes          | 1 2 3 4 |  4.7
Summonings     | 1 2 3 4 |  4.7
Necromancy     | 1 2 3 4 |  4.7
Translocations | 1 2 3 4 |  4.7
Transmutations | 1 2 3 4 |  4.7
Fire Magic     | 1 2 3 4 |  4.7
Air Magic      | 1 2 3 4 |  4.7
Earth Magic    | 1 2 3 4 |  4.7
Poison Magic   | 1 2 3 4 |  4.7
Dodging        | 5 6 7 |  7.4
Stealth        | 5 6 7 |  7.2
Ice Magic      | 8 |  8.6

Action                   |  1- 3 |  4- 6 |  7- 9 | 10-12 || total
-------------------------+-------+-------+-------+-------++-------
Melee: Dagger            |    51 |   168 |   375 |   284 ||   878
       Bite              |     2 |    23 |    41 |    29 ||    95
       Falchion          |       |    27 |       |       ||    27
       Punch             |       |     2 |     4 |     5 ||    11
Throw: Dart              |       |    15 |    18 |    13 ||    46
 Cast: Freeze            |    23 |     4 |     1 |     2 ||    30
       Frozen Ramparts   |     1 |    12 |    29 |    14 ||    56
       Ozocubu's Armour  |     1 |     9 |    18 |     8 ||    36
  Use: Scroll            |       |       |     6 |     2 ||     8
       Potion            |       |       |     1 |       ||     1
 Stab: Sleeping          |     4 |    13 |     3 |     9 ||    29
       Paralysed         |       |       |    14 |    10 ||    24
       Distracted        |       |       |     1 |       ||     1
Armor: Robe              |    14 |    44 |   150 |    93 ||   301
Dodge: Dodged            |    45 |   111 |   232 |   173 ||   561
       Rpst.: Falchion   |       |     1 |       |       ||     1
